 Dungeon Crawl Stone Soup version 0.20-a0-927-g1ae2c61 (webtiles) character file.

185 Gorglomux the Digger (level 5, -6/35 HPs)
             Began as a Barachi Earth Elementalist on Mar 29, 2017.
             Mangled by Grinder (9 damage)
             ... while paralysed by Grinder
             ... on level 3 of the Dungeon.
             The game lasted 00:14:27 (4219 turns).

Gorglomux the Digger (Barachi Earth Elementalist)   Turns: 4219, Time: 00:14:28

Health: -6/35      AC:  2    Str:  9    XL:     5   Next: 64%
Magic:  1/10       EV:  2    Int: 16    God:
Gold:   196        SH:  0    Dex: 13    Spells: 6/10 levels left

rFire    . . .     SeeInvis .   w - +1 mace (protect)
rCold    . . .     Gourm    .   (no shield)
rNeg     . . .     Faith    .   c - +0 robe
rPois    .         Spirit   .   (no helmet)
rElec    .         Reflect  +   (no cloak)
rCorr    .         Harm     .   (no gloves)
MR       .....                  (no boots)
Stlth    ++........             j - +3 amulet of reflection
Regen    0.2/turn               v - ring of flight {+Fly, !d}
MPRegen  0.2/turn               (no ring)

@: paralysed, can't hop, very slightly contaminated, slow
A: +LOS, swims, slowness 1, strong legs 1
a: Hop, Evoke Flight


You were on level 3 of the Dungeon.
You were hungry.

You visited 1 branch of the dungeon, and saw 3 of its levels.

You collected 196 gold pieces.

Inventory:

Hand Weapons
 a - a +0 club
   (You took it off a goblin on level 1 of the Dungeon)
 h - a +0 whip
   (You found it on level 1 of the Dungeon)
 w - a +1 mace of protection (weapon)
   (You took it off an orc on level 3 of the Dungeon)
Missiles
 b - 72 stones (quivered)
Armour
 c - a +0 robe (worn)
 p - a +0 cloak
   (You found it on level 3 of the Dungeon)
Jewellery
 j - a +3 amulet of reflection (around neck)
   (You found it on level 1 of the Dungeon)
 v - a ring of flight (left hand) {+Fly, !d}
   (You took it off an orc on level 3 of the Dungeon)
Wands
 t - a wand of clouds (3/9)
   (You took it off Ijyb on level 3 of the Dungeon)
 x - a wand of flame (30/48)
   (You found it on level 3 of the Dungeon)
 A - a wand of digging (20/24)
   (You found it on level 3 of the Dungeon)
Scrolls
 f - a scroll of remove curse
 k - 2 scrolls of fear
 o - 2 scrolls of amnesia
 B - 2 scrolls of magic mapping {!r}
Potions
 i - 2 potions of agility {unknown}
 m - a potion of flight {unknown}
 r - a potion of berserk rage {unknown}
 u - 2 potions of cancellation {unknown}
 C - a potion of heal wounds {unknown}
Books
 e - a book of Geomancy
 q - a book of Cantrips
   (You found it on level 2 of the Dungeon)
Comestibles
 d - 5 bread rations {@e1@e1}
 n - a meat ration {@e2@e2}


   Skills:
 - Level 2.1 Dodging
 - Level 1.7 Stealth
 + Level 3.3 Spellcasting
 + Level 1.4 Conjurations
   Level 1.1 Transmutations
 * Level 5.2 Earth Magic


You had 6 spell levels left.
You knew the following spells:

 Your Spells              Type           Power        Failure   Level  Hunger
a - Sandblast             Erth           ###...       1%          1    None
x - Stone Arrow           Conj/Erth      ##....       14%         3    ###....


Dungeon Overview and Level Annotations

Branches:
Dungeon (3/15)

Altars:
Nemelex Xobeh

Annotations:
D:3 Grinder


Innate Abilities, Weirdness & Mutations

Shadows flee at your approach. (+LOS)
You can swim through water.
You cover ground slowly.
You can hop short distances.


Message History

As you read the scroll labeled RALLEGHODEERI, it crumbles to dust.
It is a scroll of recharging.
Charge which item? (? for menu, Esc to quit)
Your wand of clouds (?/9) glows for a moment.
Grinder barely misses you.
Aim: Grinder (black smoke)
You create a blast of noxious fumes!
Evoking this partially-identified wand wasted a few charges.
Grinder says, "Don't move a muscle."
Grinder barely misses you.
As you read the scroll labeled XAZ BEFFEOSTRO, it crumbles to dust.
You feel strangely unstable.
It was a scroll of teleportation.
Grinder barely misses you. You block Grinder's attack.
Your surroundings suddenly seem different.
Unknown command.
Unknown command.
You start resting.
You regained 9 hp, and now have 28/35 hp.
Okay, then.
Okay, then.
Okay, then.
You can't see any susceptible monsters within range! (Use Z to cast anyway.)
Aim: Grinder (hasn't noticed you)
You miscast Stone Arrow.
You are very lightly contaminated with residual magic.
Wisps of smoke drift from your hands.
Grinder shouts!
You now have 7/10 mp.
Aim: Grinder You miscast Stone Arrow.
Your skin tingles.
Grinder gestures at you.
You suddenly lose the ability to move!
You can move again.
You now have 4/10 mp.
Aim: Grinder The blast of sand hits Grinder.
b - 77 stones You now have 3/10 mp.
Aim: Grinder (lightly wounded)
The blast of sand misses Grinder.
b - 76 stones Grinder misses you.
You now have 2/10 mp.
Aim: Grinder (lightly wounded)
The blast of sand hits Grinder.
b - 75 stones Grinder closely misses you.
You now have 1/10 mp.
Aim: Grinder (moderately wounded)
You miscast Sandblast.
Nothing appears to happen.
Grinder blinks!
You now have 0/10 mp.
Grinder gestures at you.
You barely resist.
Hop to where?
Boing!
All of the chunks of flesh in your inventory have rotted away.
Grinder blinks!
You see here a leather armour.
You are feeling hungry.
Unknown command.
Grinder blinks!
You start resting.
You start resting.
Aim: Grinder (moderately wounded)
The blast of sand hits Grinder.
b - 74 stones Grinder gestures at you.
You resist with significant effort.
You now have 2/10 mp.
Aim: Grinder (moderately wounded)
The blast of sand hits Grinder.
b - 73 stones You now have 1/10 mp.
Aim: Grinder (heavily wounded)
The blast of sand hits Grinder.
b - 72 stones Grinder hits you.
You writhe in agony.
You take 8 damage, and have 24/35 hp.
MASSIVE DAMAGE!!
You now have 0/10 mp.
Aim: Grinder (severely wounded)
You create a blast of poison gas!
Evoking this partially-identified wand wasted a few charges.
Grinder gestures at you.
You suddenly lose the ability to move!
Grinder hits you. x2
You writhe in agony.
Grinder gestures at you.
You shrug off the repeated paralysis!
Grinder hits you.
* * * LOW HITPOINT WARNING * * *
You writhe in agony.
* * * LOW HITPOINT WARNING * * *
Grinder hits you.
* * * LOW HITPOINT WARNING * * *
Grinder hits you!
You die...

#.#.# #######
##.#.######
#.....#
#.........#
#.##.##
#..#.####.# #.##.#
...#.####.###.##.#
###...........##.#
).##.####.######.#
...#......# #.#
...#....### #@#
...#....########5#
..##...§5..[...§§#
###..#############
..........#
..........#
..5.......##
...........#
...#######.#


You could see Grinder.

Vanquished Creatures
  Ijyb (D:3)
  4 gnolls (D:3)
  3 adders
  2 worms
  3 dart slugs
  2 leopard geckos
  An orc (D:3)
  7 giant cockroaches
  9 hobgoblins
  4 jackals (D:3)
  6 kobolds
  A ball python (D:2)
  10 bats
  7 frilled lizards
  12 goblins
  6 rats
78 creatures vanquished.

Notes
Turn   | Place    | Note
-------+----------+-------------------------------------------
     0 | D:1      | Gorglomux the Barachi Earth Elementalist began the quest for the Orb.
     0 | D:1      | Reached XP level 1. HP: 13/13 MP: 3/3
   290 | D:1      | Reached XP level 2. HP: 10/19 MP: 5/5
  1215 | D:1      | HP: 2/19 [worm (10)]
  1228 | D:1      | Reached XP level 3. HP: 4/24 MP: 3/6
  1233 | D:1      | Learned a level 3 spell: Stone Arrow
  1656 | D:2      | Reached skill level 4 in Earth Magic
  2192 | D:2      | Reached XP level 4. HP: 30/30 MP: 3/8
  2598 | D:2      | Found a sparkling altar of Nemelex Xobeh.
  3038 | D:3      | Reached skill level 3 in Spellcasting
  3204 | D:3      | Reached skill level 1 in Conjurations
  3204 | D:3      | Reached XP level 5. HP: 35/35 MP: 2/9
  3535 | D:3      | Found a faded altar of an unknown god.
  3552 | D:3      | Noticed Ijyb
  3577 | D:3      | Killed Ijyb
  3577 | D:3      | Reached skill level 5 in Earth Magic
  4088 | D:3      | Noticed Grinder
  4089 | D:3      | Paralysed by Grinder for 5 turns
  4184 | D:3      | Paralysed by Grinder for 2 turns
  4213 | D:3      | Paralysed by Grinder for 7 turns
  4217 | D:3      | HP: 4/35 [Grinder (5)]
  4219 | D:3      | Mangled by Grinder

Vault maps used:
D:1:      dpeg_arrival_brainrot
D:2:      minmay_door_path, marbit_many_paths, first_bread, serial_glass,
          glass_columns_b, glass_columns_a, glass_columns_a, glass_columns_c,
          due_unseen_surprise, feat_on_display, item_on_display_a,
          feat_on_display
D:3:      minmay_wonky_spiral, chequers_ecumenical_altar_simple,
          minmay_joined_circles, uniq_grinder, uniq_iyjb

Skill      XL: |  1  2  3  4  5 |
---------------+----------------+-----
Earth Magic    | 4 5 |  5.2
Spellcasting   | 3 |  3.3
Conjurations   | 1 |  1.4
Dodging        | |  2.1
Stealth        | |  1.7
Transmutations | |  1.1

Action                   |  1- 3 |  4- 6 || total
-------------------------+-------+-------++-------
Melee: Club              |     9 |       ||     9
       Whip              |    90 |    53 ||   143
       Mace              |       |    90 ||    90
Throw: Stone             |     8 |     7 ||    15
 Cast: Sandblast         |     8 |    28 ||    36
       Stone Arrow       |     5 |    15 ||    20
 Abil: Hop               |       |     3 ||     3
Evoke: Wand              |       |     2 ||     2
  Use: Scroll            |       |     8 ||     8
 Stab: Sleeping          |     7 |     2 ||     9
  Eat: Chunk             |     5 |     9 ||    14
Armor: Robe              |    17 |    64 ||    81
Dodge: Dodged            |    63 |   127 ||   190
Block: Other             |       |    21 ||    21

Vault maps used:
D:1:      dpeg_arrival_brainrot
D:2:      minmay_door_path, marbit_many_paths, first_bread, serial_glass,
          glass_columns_b, glass_columns_a, glass_columns_a, glass_columns_c,
          due_unseen_surprise, feat_on_display, item_on_display_a,
          feat_on_display
D:3:      minmay_wonky_spiral, chequers_ecumenical_altar_simple,
          minmay_joined_circles, uniq_grinder, uniq_iyjb

Table legend:
 A = Turns spent in this place as a percentage of turns spent in the entire game.
 B = Non-inter-level travel turns spent in this place as a percentage of non-inter-level travel turns spent in the entire game.
 C = Inter-level travel turns spent in this place as a percentage of turns spent in this place.
 D = Turns resting spent in this place as a percentage of non-inter-level travel turns spent in this place.
 E = Turns spent auto-exploring this place as a percentage of non-inter-level travel turns spent in this place.
 F = Non-inter-level travel turns spent in this place divided by the number of levels of this place that you've seen.
                   A       B       C       D       E      F
               +-------+-------+-------+-------+-------+----------------------
         Total | 100.0 | 100.0 |   0.2 |   3.6 |   6.4 | 429.3
       Dungeon | 100.0 | 100.0 |   0.2 |   3.6 |   6.4 | 429.3
               +-------+-------+-------+-------+-------+----------------------

Table legend:
 A = Kills in this place as a percentage of kills in entire the game.
 B = Kills by you in this place as a percentage of kills by you in the entire game.
 C = Kills by friends in this place as a percentage of kills by friends in the entire game.
 D = Other kills in this place as a percentage of other kills in the entire game.
 E = Experience gained in this place as a percentage of experience gained in the entire game.
 F = Experience gained in this place divided by the number of levels of this place that you have seen.
                   A       B       C       D       E      F
               +-------+-------+-------+-------+-------+----------------------
         Total | 100.0 | 100.0 |  -nan |  -nan | 100.0 |  88.3
       Dungeon | 100.0 | 100.0 |  -nan |  -nan | 100.0 |  88.3
               +-------+-------+-------+-------+-------+----------------------
